Map: Dusk Towers

Players

Voltz - Winner!

  • Race: Zerg Zerg
  • League: Master

xKawaiian

  • Race: Terran Terran
  • League: Master

VOD

Have the link to the VOD?

Description

Time

  • Played on: Feb. 3, 2016, 10:28 p.m.
  • Length: 15:01
Show
View Real Time Build Order
Export as new Build Order

Voltz Zerg - Winner!

Build Orders: Hatch First 

Get SALT Encoding   

  12  0:01  Drone  
  13  0:13  Overlord  
  13  0:17  Drone  
  14  0:31  Drone  
  14  0:32  Drone  
  16  0:36  Drone  
  17  0:51  Hatchery  
  17  0:55  Drone  
  17  0:57  Drone  
  18  1:09  Extractor  
  17  1:12  Evolution Chamber  
  17  1:14  Spawning Pool  
  17  1:16  Drone  
  17  1:20  Drone  
  18  1:29  Drone  
  19  1:39  Overlord  
  19  1:50  Drone  
  20  2:01  Zergling x2, Queen  
  22  2:04  Zergling x2, Queen  
  26  2:09  Metabolic Boost  
  26  2:12  Drone  
  26  2:15  Drone  
  28  2:22  Drone  
  29  2:26  Drone  
  30  2:34  Drone, Extractor  
  30  2:38  Drone  
  32  2:45  Queen  
  32  2:47  Drone x2  
  36  2:52  Hatchery  
  36  2:56  Overlord  
  35  2:58  Drone  
  36  3:10  Overlord  
  36  3:15  Drone x5  
  36  3:16  Drone  
  36  3:18  Drone  
  43  3:25  Drone  
  44  3:28  Queen, Drone  
  47  3:38  Drone  
  47  3:40  Roach Warren  
  47  3:44  Drone x4  
  51  3:48  Extractor  
  51  3:49  Overlord, Extractor  
  51  3:50  Drone  
  51  3:55  Drone x2  
  52  3:59  Overlord  
  52  4:08  Overlord  
  52  4:11  Drone  
  52  4:14  Evolution Chamber  
  52  4:15  Evolution Chamber  
  51  4:19  Drone, Queen  
  51  4:21  Roach  
  51  4:22  Roach x4  
  64  4:28  Roach x2  
  64  4:31  Spore Crawler  
  67  4:35  Spore Crawler, Drone  
  67  4:38  Spore Crawler  
  66  4:39  Drone  
  66  4:45  Zerg Missile Weapons Level 1  
  67  4:46  Drone x2  
  67  4:50  Drone  
  70  4:54  Drone  
  70  4:55  Drone  
  72  5:00  Overlord  
  72  5:01  Drone x2  
  72  5:02  Drone  
  72  5:05  Zerg Ground Armor Level 1  
  75  5:07  Drone  
  75  5:08  Drone  
  75  5:10  Drone  
  75  5:12  Drone  
  79  5:15  Drone x2  
  79  5:16  Drone  
  79  5:19  Drone x2  
  84  5:21  Drone  
  84  5:25  Drone x3  
  84  5:26  Drone  
  89  5:30  Overlord  
  89  5:32  Ravager  
  89  5:35  Extractor  
  89  5:36  Extractor  
  89  5:37  Lair  
  89  5:42  Overlord x2  
  86  5:50  Ravager x4  
  86  5:52  Zergling x4  
  86  5:55  Overlord x2  
  88  6:05  Zergling x10  
  88  6:07  Drone  
  88  6:10  Drone x2  
  96  6:11  Drone  
  96  6:12  Drone  
  98  6:19  Roach x5  
  108  6:26  Spore Crawler x2  
  108  6:27  Spine Crawler  
  105  6:34  Queen  
  105  6:40  Drone x2  
  105  6:45  Drone x2  
  99  6:59  Drone x13  
  112  7:04  Glial Reconstitution  
  112  7:05  Zerg Ground Armor Level 2, Extractor  
  112  7:06  Zerg Missile Weapons Level 2  
  112  7:07  Infestation Pit  
  110  7:10  Overlord x4  
  110  7:12  Overlord x4  
  110  7:28  Queen, Overlord  
  110  7:29  Drone x2  
  117  7:30  Drone  
  117  7:36  Drone x2, Hatchery  
  118  7:39  Extractor  
  118  7:40  Ravager x5  
  118  7:41  Ravager  
  118  7:43  Roach x3  
  118  7:44  Roach  
  131  7:48  Roach x2  
  131  7:49  Roach  
  135  7:52  Roach  
  135  7:53  Roach x2  
  135  7:55  Roach x3  
  147  8:00  Hive  
  147  8:03  Extractor  
  147  8:05  Drone x3  
  149  8:08  Queen  
  138  8:28  Infestor x3  
  138  8:34  Overlord x3  
  144  8:41  Overlord  
  144  8:42  Hatchery  
  144  8:43  Roach x4  
  153  8:55  Roach  
  153  8:56  Roach x5  
  153  8:57  Hatchery  
  156  9:20  Zergling x22  
  156  9:21  Zergling x8  
  156  9:22  Queen  
  173  9:26  Adrenal Glands  
  173  9:28  Ultralisk Cavern  
  173  9:31  Spine Crawler  
  171  9:32  Ravager x2, Spore Crawler  
  171  9:33  Ravager x6  
  178  9:41  Zergling x2  
  178  9:42  Zergling x16  
  178  9:45  Zerg Ground Armor Level 3  
  187  9:47  Queen  
  187  9:50  Queen  
  191  9:53  Zerg Melee Weapons Level 1  
  188  10:21  Chitinous Plating  
  188  10:25  Spire  
  188  10:26  Ultralisk x2  
  199  10:34  Extractor  
  196  10:37  Extractor  
  185  10:52  Ultralisk x2  
  193  11:00  Nydus Network  
  193  11:01  Drone x3  
  192  11:09  Ultralisk  
  196  11:30  Drone x3  
  196  11:31  Drone  
  194  11:47  Drone  
  195  11:54  Overseer  
  195  11:56  Zergling x10  
  195  11:57  Zergling x4  
  194  12:07  Ultralisk  
  197  12:15  Overlord  
  191  12:27  Nydus Canal  
  191  12:28  Zergling x6  
  194  12:33  Ultralisk  
  186  13:04  Ultralisk x6  
  186  13:05  Ultralisk x2  
  195  13:15  Corruptor  
  195  13:16  Corruptor x4  
  199  13:33  Hatchery  
  192  13:38  Corruptor x5  
  197  13:43  Drone x3  
  183  13:50  Hatchery  
  175  13:59  Corruptor x2  
  178  14:03  Drone x5  
  177  14:20  Ultralisk x2  
Show
View Real Time Build Order
Export as new Build Order

xKawaiian Terran 

Build Orders: Reaper Expand, MMM Bio 

Get SALT Encoding   

  12  0:01  SCV  
  13  0:13  SCV  
  14  0:17  Supply Depot  
  14  0:25  SCV  
  15  0:39  SCV  
  15  0:40  Barracks  
  16  0:45  Refinery  
  16  0:51  SCV  
  17  1:03  SCV  
  18  1:15  SCV  
  19  1:29  Reaper, Orbital Command  
  20  1:40  Command Center  
  20  1:51  Supply Depot  
  20  1:55  SCV  
  21  2:02  Barracks Reactor  
  21  2:07  SCV  
  21  2:08  Barracks  
  22  2:19  Barracks, SCV  
  23  2:31  SCV  
  24  2:40  Marine x2  
  24  2:43  SCV  
  27  2:51  Orbital Command  
  27  2:55  SCV  
  27  2:56  Barracks Tech Lab  
  27  2:58  Marine x2  
  28  3:01  Factory  
  30  3:06  Marine  
  30  3:08  SCV  
  32  3:14  Stimpack  
  32  3:15  Refinery  
  32  3:16  Marine x2  
  32  3:17  SCV  
  32  3:19  Marine  
  35  3:22  SCV  
  35  3:26  Supply Depot  
  37  3:27  Marine  
  37  3:31  SCV  
  37  3:34  Marine x2  
  39  3:35  SCV  
  43  3:43  SCV  
  43  3:45  Marine  
  43  3:46  Starport  
  44  3:50  Marine, SCV  
  44  3:52  Marine  
  44  3:53  Factory Reactor  
  46  3:57  Supply Depot, Marine  
  46  3:59  SCV  
  46  4:02  SCV  
  49  4:03  Marine  
  49  4:08  Marine  
  51  4:11  SCV, Marine  
  51  4:12  Supply Depot  
  51  4:14  SCV  
  54  4:23  SCV  
  57  4:33  Command Center  
  57  4:34  SCV  
  57  4:35  Medivac  
  57  4:36  Medivac  
  60  4:39  Barracks Reactor, Marine  
  60  4:40  Marine  
  60  4:41  SCV  
  63  4:46  SCV  
  63  4:47  Supply Depot  
  64  4:54  SCV  
  64  4:57  Marine, Engineering Bay x2  
  64  4:58  SCV  
  67  5:00  Marine  
  67  5:06  SCV  
  69  5:13  Refinery, Marine  
  70  5:14  Refinery  
  70  5:15  Marine  
  70  5:19  Marine x2  
  73  5:21  SCV  
  73  5:22  SCV  
  75  5:32  Marine x2  
  75  5:33  SCV  
  75  5:34  Terran Infantry Weapons Level 1, Terran Infantry Armor Level 1  
  78  5:37  Supply Depot  
  78  5:38  Supply Depot  
  78  5:40  Combat Shields  
  78  5:44  Marine x2  
  78  5:45  Marine  
  78  5:46  Factory Reactor  
  81  5:50  Marine  
  82  5:57  SCV  
  82  5:59  Barracks  
  82  6:00  Barracks  
  80  6:04  SCV  
  80  6:07  Orbital Command  
  81  6:16  Marine  
  81  6:17  Marauder  
  83  6:18  Marine x2  
  83  6:20  SCV  
  83  6:21  SCV  
  87  6:31  Orbital Command  
  87  6:32  SCV  
  88  6:33  SCV  
  88  6:38  Marauder  
  91  6:44  Armory  
  91  6:46  Marine  
  87  6:47  Barracks Tech Lab  
  87  6:50  SCV x2  
  87  6:53  Marine x2  
  90  6:55  Barracks Reactor  
  90  6:58  Concussive Shells  
  90  7:00  Marauder  
  92  7:02  SCV  
  93  7:09  Medivac  
  93  7:10  Supply Depot  
  93  7:13  Marauder  
  97  7:16  SCV x2  
  97  7:17  SCV  
  97  7:19  Refinery  
  97  7:21  Marauder  
  102  7:23  Refinery  
  102  7:24  Widow Mine  
  102  7:28  SCV x2  
  102  7:29  Medivac, Marine  
  109  7:31  SCV  
  109  7:34  Marauder  
  112  7:40  SCV  
  112  7:41  SCV  
  112  7:42  Marauder  
  112  7:43  SCV  
  117  7:46  Terran Infantry Weapons Level 2  
  117  7:54  Marine x4  
  117  7:55  SCV x2  
  117  7:58  Supply Depot  
  123  7:59  Supply Depot  
  123  8:00  Supply Depot  
  123  8:02  Supply Depot  
  123  8:05  Marauder  
  125  8:13  Supply Depot  
  125  8:17  Supply Depot, Marine  
  125  8:18  Marine  
  125  8:19  Marauder, Medivac x2, Marine  
  131  8:26  Marauder  
  128  8:27  Marine  
  128  8:30  Command Center  
  128  8:31  Marine, SCV  
  128  8:33  SCV  
  132  8:34  SCV  
  132  8:37  Liberator  
  132  8:41  Marauder  
  135  8:43  SCV  
  135  8:47  Starport, Fusion Core  
  135  8:48  Marauder, Marine  
  138  8:52  Marine x3  
  145  8:57  SCV, Marine  
  145  9:02  Marauder, Marine  
  150  9:03  Widow Mine  
  150  9:04  Widow Mine  
  150  9:06  Marine  
  150  9:09  Marauder  
  153  9:10  Marine  
  153  9:12  Marine  
  153  9:14  Marine  
  155  9:21  SCV x2  
  155  9:24  Marauder, Starport Tech Lab  
  159  9:25  Terran Vehicle And Ship Armor Level 1  
  159  9:26  Refinery  
  159  9:27  Liberator, SCV  
  159  9:28  Marine  
  159  9:31  Marauder  
  163  9:32  Widow Mine  
  165  9:40  Barracks  
  165  9:41  Marine  
  165  9:42  Barracks  
  165  9:44  Liberator  
  165  9:45  Marauder  
  171  9:47  Advanced Ballistics  
  171  9:49  SCV  
  171  9:52  Planetary Fortress  
  172  9:55  Refinery  
  172  9:58  Marauder, Marine  
  172  9:59  Marine  
  176  10:04  SCV  
  178  10:10  Liberator  
  178  10:13  Marine x3  
  178  10:14  Marauder  
  183  10:19  Marauder  
  183  10:20  Medivac  
  183  10:21  Marine x3  
  181  10:28  Liberator  
  187  10:29  Barracks Reactor, Barracks Tech Lab  
  187  10:30  Command Center  
  187  10:34  Liberator, Marine  
  188  10:41  Marauder, Supply Depot  
  187  10:43  Supply Depot, Command Center  
  187  10:44  SCV  
  187  10:45  Marauder  
  186  10:52  Liberator  
  186  10:56  Starport  
  188  10:57  Starport  
  190  11:14  Marine  
  190  11:15  Marauder x2, Marine x3  
  190  11:16  Marauder  
  190  11:17  Command Center  
  199  11:34  Marine  
  199  11:35  Terran Infantry Weapons Level 3, Terran Infantry Armor Level 2  
  198  11:43  Marauder  
  200  11:55  Refinery  
  200  12:03  Starport Reactor x2  
  198  12:11  Marauder  
  198  12:12  Terran Vehicle And Ship Armor Level 2  
  198  12:13  Planetary Fortress  
  194  12:26  Marauder x2, Marine x2  
  200  12:50  Marauder, Marine x2  
  200  12:51  Marauder  
  200  12:53  Liberator  
  188  13:01  Marine  
  188  13:02  Marauder  
  184  13:07  Marine x3  
  184  13:08  Marine  
  192  13:15  Liberator  
  151  13:23  Marauder  
  151  13:26  Marine  
  148  13:29  Marine x2  
  148  13:31  Marine x2  
  138  13:34  Marine  
  119  13:43  Marine  
  119  13:45  Marauder  
  119  13:47  Marine x3  
  108  13:49  Marine  
  108  13:52  SCV  
  97  14:02  SCV x2  
  99  14:03  Barracks x3, SCV  
  99  14:04  Barracks x2  
  99  14:06  Marauder  
  99  14:07  Barracks  
  101  14:11  Marine x3  
  101  14:12  Marine  
  101  14:14  Barracks Reactor, Barracks Tech Lab  
  98  14:27  Marauder  
  98  14:29  Marine x2  
  98  14:30  Marine  
  97  14:33  Marine  
  97  14:38  Marauder  
Tags
 
Add a new tag
Caveats
  • Supply blocks, unpowered buildings, or Contaminate may cause inaccurate times.
  • Supply counts are checked every 10 seconds.